 Dungeon Sprint DCSS version bcrawl-1.15.1 (webtiles) character file.

Game seed: 7009814660820192435

81 Groucho the Skirmisher (level 4, 0/46 HPs)
             Began as a Naga Fighter on Oct 3, 2019.
             Was an Initiate of Cheibriados.
             Slain by a white ugly thing (29 damage)
             ... in the Dungeon (Sprint IX: "|||||||||||||||||||||||||||||").
             The game lasted 00:02:03 (336 turns).

Groucho the Skirmisher (Naga Fighter)                Turns: 336, Time: 00:02:04

Health: 0/46       AC:  7    Str: 22    XL:     4   Next: 42%
Magic:  4/4        EV:  6    Int:  9    God:    Cheibriados [......]
Gold:   0          SH: 10    Dex: 16    Spells: 3/3 levels left

rFire    + . .     SeeInvis +   o - +1 broad axe (freeze)
rCold    . . .     Gourm    .   c - +0 shield
rNeg     . . .     Faith    .   p - +1 scale mail {rF+}
rPois    +         Spirit   .   (no helmet)
rElec    .         Reflect  .   a - +0 cloak
rCorr    .         Harm     .   (no gloves)
MR       .....     NoTele   +   (no barding)
Stlth    ..........             (no amulet)
HPRegen  0.15/turn              b - +3 ring of dexterity
MPRegen  0.09/turn              q - +3 ring of strength

@: very slightly contaminated, invisible, very slow
A: large, see invisible, deformed body, poison resistance, slowness 2, slow
metabolism 1, spit poison 1, AC +1
a: Spit Poison, Bend Time, Renounce Religion


You were in the Dungeon.
You worshipped Cheibriados.
Cheibriados was noncommittal.
You were not hungry.

You visited 1 branch

Inventory:

Hand Weapons
 o - a +1 broad axe of freezing (weapon)
Armour
 a - a +0 cloak (worn)
 c - a +0 shield (worn)
 p - a +1 scale mail of fire resistance (worn)
Jewellery
 b - a +3 ring of dexterity (left hand)
 q - a +3 ring of strength (right hand)
Wands
 n - a wand of iceblast (10)
Scrolls
 k - 2 scrolls of blinking
 l - 3 scrolls of remove curse
 m - 2 scrolls of amnesia
Potions
 d - a potion of might
 g - 2 potions of heal wounds
 h - a potion of haste
 i - 4 potions of magic
 j - 4 potions of curing
Comestibles
 f - a ration {!d}


   Skills:
 + Level 5.1 Fighting
 + Level 4.3 Axes
 + Level 4.2 Armour
 + Level 4.2 Shields


You had 3 spell levels left.
You didn't know any spells.
Your spell library was empty.

Dungeon Overview and Level Annotations

Branches:
Dungeon (1/1)

Altars:
Cheibriados
Dithmenos
Elyvilon
Fedhas
Gozag
Hepliaklqana
Kikubaaqudgha
Lugonu
Makhleb
Nemelex Xobeh
Okawaru
Qazlal
Ru
Sif Muna
Trog
Uskayaw
Vehumet
Wu Jian
Xom
Yredelemnul
Zin
The Shining One
Beogh
Jiyva


Innate Abilities, Weirdness & Mutations

You cannot wear boots.
Your serpentine skin is tough. (AC +1)
You have supernaturally acute eyesight. (SInv)
Armour fits poorly on your strangely shaped body.
Your system is resistant to poisons. (rPois)
You cover ground very slowly.
You have a slow metabolism.
You can spit poison.


Message History

The orc wizard flickers and vanishes for a moment.
You barely miss the centaur. You block the centaur's attack.
You slash the white ugly thing! You freeze the white ugly thing.
The white ugly thing is lightly wounded.
The white ugly thing headbutts you but does no damage.
You closely miss the white ugly thing.
The white ugly thing is lightly wounded.
The howler monkey hoots and howls with incredible vigour!
The white ugly thing headbutts you but does no damage.
You hear an angry hiss.
You fade into invisibility!
The centaur wields a +0 shortbow.
The centaur shoots an arrow.
The arrow hits the white ugly thing.
The white ugly thing barely misses you.
You are very lightly contaminated with residual magic.
You closely miss the white ugly thing.
The white ugly thing is lightly wounded.
The white ugly thing barely misses you. The white ugly thing headbutts you!
The white ugly thing freezes you!!
Ouch! That really hurt!
You die... ▓▓▓▓▓▓▓▓▓▓▓▓▓▓▓▓▓▓▓▓▓▓▓▓ +ohKZcu@..[.[)|..'______ ▓▓▓▓▓▓▓▓▓▓▓▓▓▓▓▓▓▓▓▓▓▓▓▓

You could see a white ugly thing, a big kobold, a centaur, a howler monkey, an orc wizard (invisible) and a leopard gecko skeleton.

Vanquished Creatures
  A crimson imp (D)
  A worker ant (D)
  2 adders (D)
  A bat zombie (D)
  2 goblins (D)
  A frilled lizard (D)
  A kobold (D)
  A rat (D)
10 creatures vanquished.

Notes
Turn   | Place    | Note
-------+----------+-------------------------------------------
     0 | D        | Groucho the Naga Fighter began the quest for the Orb.
     0 | D        | Reached XP level 1. HP: 21/21 MP: 1/1
    68 | D        | Noticed a crimson imp
    68 | D        | Noticed a worker ant
    77 | D        | Killed a crimson imp
    77 | D        | Reached skill level 4 in Fighting
    77 | D        | Reached XP level 2. HP: 19/31 MP: 2/2
    77 | D        | Reached XP level 3. HP: 23/37 MP: 3/3
    98 | D        | Reached skill level 5 in Fighting
    98 | D        | Reached XP level 4. HP: 46/46 MP: 4/4
   262 | D        | Found a roughly hewn altar of Beogh.
   262 | D        | Found a snail-covered altar of Cheibriados.
   262 | D        | Found a shadowy altar of Dithmenos.
   262 | D        | Found a white marble altar of Elyvilon.
   262 | D        | Found a blossoming altar of Fedhas.
   262 | D        | Found an opulent altar of Gozag.
   263 | D        | Found a hazy altar of Hepliaklqana.
   264 | D        | Found a viscous altar of Jiyva.
   265 | D        | Found an ancient bone altar of Kikubaaqudgha.
   266 | D        | Became a worshipper of Cheibriados the Contemplative
   267 | D        | Found a corrupted altar of Lugonu.
   268 | D        | Found a burning altar of Makhleb.
   269 | D        | Found a sparkling altar of Nemelex Xobeh.
   270 | D        | Found an iron altar of Okawaru.
   271 | D        | Found a stormy altar of Qazlal.
   272 | D        | Found a sacrificial altar of Ru.
   273 | D        | Found a shimmering blue altar of Sif Muna.
   274 | D        | Found a bloodstained altar of Trog.
   275 | D        | Found a hide-covered altar of Uskayaw.
   276 | D        | Found a radiant altar of Vehumet.
   277 | D        | Found an ornate altar of the Wu Jian Council.
   278 | D        | Found a shimmering altar of Xom.
   279 | D        | Found a basalt altar of Yredelemnul.
   280 | D        | Found a glowing silver altar of Zin.
   281 | D        | Found a glowing golden altar of the Shining One.
   328 | D        | Noticed a white ugly thing
   328 | D        | Noticed a big kobold
   328 | D        | Noticed a centaur
   336 | D        | Slain by a white ugly thing

Skill      XL: |  1  2  3 |
---------------+----------+-----
Fighting       | 4 5 |  5.1
Axes           | 3 4 |  4.3
Armour         | 3 4 |  4.2
Shields        | 3 4 |  4.2

Action                   |  1- 3 |  4- 6 || total
-------------------------+-------+-------++-------
Melee: War axe           |    43 |     2 ||    45
       Broad axe         |       |     6 ||     6
  Use: Potion            |     3 |     1 ||     4
Armor: Scale mail        |    19 |     7 ||    26
Dodge: Dodged            |    17 |     3 ||    20
Block: Shield            |    23 |     4 ||    27
